 Dungeon Sprint DCSS version 0.17-a0-2093-gc772f4b (webtiles) character file.

2100000 Ordine the Axe Maniac (level 19, -2/226 HPs)
             Began as a Deep Dwarf Warper on Oct 16, 2015.
             Engulfed by a cloud of flame (5 damage)
             ... in the Dungeon (Sprint VIII: "Arena of Blood").
             The game lasted 00:02:04 (21 turns).

Ordine the Axe Maniac (Deep Dwarf Warper)             Turns: 21, Time: 00:02:04

Health: -2/226     AC:  6    Str: 18    XL:     19   Next: 68%
Magic:  20/50      EV: 33    Int: 13    God:
Gold:   0          SH:  0    Dex: 18    Spells: 1 memorised, 71 levels left

rFire  . . .     SeeInvis .     l - +∞ Axe of Woe
rCold  . . .     Clarity  .     a - +0 leather armour
rNeg   + . .     SustAt   .     (no shield)
rPois  .         Gourm    .     (no helmet)
rElec  .         Spirit   .     (no cloak)
rCorr  .         Warding  .     (no gloves)
rMut   .         NoTele   +     (no boots)
MR     ++...                    (no amulet)
Stlth  +++++++++.               (no ring)
                                (no ring)

@: non-regenerating, very resistant to hostile enchantments, incredibly stealthy
A: damage resistance, recharge devices, negative energy resistance 1, sense
surroundings 3, slow regeneration 3
a: Device Recharging


You were in the Dungeon.
You were not hungry.

You visited 1 branch

Inventory:

Hand Weapons
 l - the +∞ Axe of Woe (weapon)
   (You found it in the Dungeon)
Armour
 a - a +0 leather armour (worn)
Wands
 e - a wand of heal wounds (5)
Scrolls
 c - 2 scrolls of blinking
Potions
 g - a potion of curing
 h - a potion of heal wounds
 i - a potion of haste
 j - 2 potions of magic
 k - a potion of berserk rage
Books
 b - a book of Spatial Translocations

   Spells                             Type                      Level
   a - Apportation                    Translocation                1
   b - Blink                          Translocation                2
   c - Shroud of Golubria             Charms/Translocation         2
   d - Portal Projectile              Translocation                3
   e - Teleport Other                 Translocation                3
   f - Passage of Golubria            Translocation                4
Comestibles
 f - a bread ration


   Skills:
 O Level 27 Fighting
 O Level 27 Axes
 - Level 0.8 Throwing
 O Level 27 Armour
 O Level 27 Dodging
 O Level 27 Stealth
 - Level 1.7 Unarmed Combat
 O Level 27 Spellcasting
 + Level 15.9 Translocations


You had 71 spell levels left.
You knew the following spells:

 Your Spells              Type           Power        Failure   Level  Hunger
a - Apportation           Tloc           ######....   0%          1    None


Dungeon Overview and Level Annotations

Branches:
Dungeon (1/1)

Altars:
Makhleb


Innate Abilities, Weirdness & Mutations

You are resistant to damage.
You can recharge devices by infusing magical energy.
You resist negative energy.
You passively map a large area around you.
You do not regenerate naturally.


Message History

You are engulfed in roaring flames.
* * * LOW HITPOINT WARNING * * *
You hear a shout! x4
The meat berserker rages.
You hear a shout! x4
The bag of meat is engulfed in roaring flames.
You hear a shout! x3
A meat berserker comes into view. It is wielding a +9 battleaxe.
Unknown command.
Unknown command.
You slice the bag of meat!!
You fatally mangle the bag of meat.
You kill the bag of meat!
You have mastered Spellcasting!
You need to enable at least one skill for training.
Your Translocations skill increases to level 4!
You hit the bag of meat.
You cleave the bag of meat in twain.
You kill the bag of meat!
Your Translocations skill gained 11 levels and is now at level 15!
You are engulfed in roaring flames.
You die...

, , ........###...... ,
,, #........_....., , ,
* , ..... #.....# . ,
,*,, , ......#_.<._# ..
, ,,, * ,
......#.....#... , , ,
#........_......, ,
,,,....O...###..o.O.,,,
,, , ,...###.).)...###.
, , , ,,, ..,
#§§@)%..#, , ,
,#O§§)...# ,, *, ,
..o§§§....... , ,, *
....o..o....... * *,
...............* , , ,
,.............## , , ,
* ,...#.....o..#.. ,,,*
, , , , ...%%.......#..
, , ,,,, , , , ,


You could see 3 meat berserkers and 5 bags of meat.

Vanquished Creatures
  4 ogres (D)
  15 orcs (D)
  A hill giant (D)
20 creatures vanquished.

Notes
Turn   | Place    | Note
--------------------------------------------------------------
     0 | D        | Ordine the Deep Dwarf Warper began the quest for the Orb.
     0 | D        | Reached XP level 1. HP: 19/19 MP: 3/3
     3 | D        | Noticed a bag of meat
     4 | D        | Noticed a bag of meat
     4 | D        | Noticed a bag of meat
     4 | D        | Noticed a bag of meat
     5 | D        | Noticed a bag of meat
     5 | D        | Noticed a bag of meat
     7 | D        | Noticed a bag of meat
     7 | D        | Killed a bag of meat
     7 | D        | Reached skill level 27 in Axes
     7 | D        | Reached XP level 2. HP: 24/33 MP: 4/4
     7 | D        | Reached XP level 3. HP: 29/40 MP: 5/5
     7 | D        | Reached XP level 4. HP: 34/48 MP: 6/6
     7 | D        | Reached XP level 5. HP: 38/55 MP: 7/7
     7 | D        | Reached XP level 6. HP: 42/62 MP: 8/8
     7 | D        | Reached XP level 7. HP: 46/69 MP: 9/9
     7 | D        | Reached XP level 8. HP: 50/76 MP: 10/10
     7 | D        | Gained mutation: You passively map the area around you. [Deep Dwarf growth]
     7 | D        | Reached XP level 9. HP: 53/82 MP: 11/11
     7 | D        | Reached XP level 10. HP: 58/91 MP: 12/12
     7 | D        | Reached XP level 11. HP: 61/97 MP: 13/13
     8 | D        | Noticed a bag of meat
     8 | D        | Noticed a large bag of meat
     8 | D        | Noticed a bag of meat
     8 | D        | Noticed a bag of meat
     8 | D        | Noticed a bag of meat
     8 | D        | Noticed a meat berserker
     8 | D        | Killed a bag of meat
     8 | D        | Reached XP level 12. HP: 64/135 MP: 14/14
     8 | D        | Killed a bag of meat
     8 | D        | Reached XP level 13. HP: 67/156 MP: 15/15
     9 | D        | Noticed a bag of meat
     9 | D        | Noticed a meat berserker
     9 | D        | Killed a bag of meat
     9 | D        | Gained mutation: You resist negative energy. [Deep Dwarf growth]
     9 | D        | Reached XP level 14. HP: 70/172 MP: 16/16
    10 | D        | Noticed a meat berserker
    10 | D        | Killed a meat berserker
    10 | D        | Reached skill level 27 in Fighting
    10 | D        | Reached XP level 15. HP: 72/190 MP: 17/17
    11 | D        | Noticed a bag of meat
    11 | D        | Noticed a bag of meat
    11 | D        | Noticed a bag of meat
    12 | D        | Noticed a bag of meat
    13 | D        | Noticed a bag of meat
    13 | D        | Noticed a meat berserker
    13 | D        | Noticed a meat berserker
    13 | D        | Killed a bag of meat
    13 | D        | Killed a bag of meat
    14 | D        | Killed a bag of meat
    14 | D        | Reached XP level 16. HP: 75/200 MP: 18/18
    14 | D        | Killed a bag of meat
    14 | D        | Reached skill level 27 in Dodging
    14 | D        | Reached skill level 15 in Stealth
    14 | D        | Killed a meat berserker
    14 | D        | Reached XP level 17. HP: 78/208 MP: 19/19
    15 | D        | Killed a bag of meat
    15 | D        | Reached skill level 27 in Stealth
    15 | D        | Reached skill level 15 in Armour
    15 | D        | Killed a meat berserker
    15 | D        | Killed a bag of meat
    15 | D        | Reached skill level 27 in Armour
    15 | D        | Gained mutation: You passively map a large area around you. [Deep Dwarf growth]
    15 | D        | Reached XP level 18. HP: 81/218 MP: 19/24
    16 | D        | Noticed a bag of meat
    16 | D        | Killed a large bag of meat
    17 | D        | Noticed a bag of meat
    17 | D        | Killed a bag of meat
    17 | D        | Reached skill level 15 in Spellcasting
    18 | D        | Killed a bag of meat
    18 | D        | Killed a bag of meat
    19 | D        | Noticed a bag of meat
    19 | D        | Killed a meat berserker
    19 | D        | Reached XP level 19. HP: 33/226 MP: 19/48
    20 | D        | Noticed a meat berserker
    20 | D        | HP: 3/226 [something (15)]
    21 | D        | Noticed a meat berserker
    21 | D        | Killed a bag of meat
    21 | D        | Reached skill level 27 in Spellcasting
    21 | D        | Killed a bag of meat
    21 | D        | Reached skill level 15 in Translocations
    21 | D        | Engulfed by a cloud of flame

Vault maps used:
D:        meatsprint

Action                   |  1- 3 |  4- 6 |  7- 9 | 10-12 | 13-15 | 16-18 | 19-21 || total
-------------------------+-------+-------+-------+-------+-------+-------+-------++-------
Melee: Executioner's axe |     1 |       |       |       |     3 |     2 |     1 ||     7
